 Dungeon Crawl Stone Soup version 0.31-a0-965-g8a8ce12e04 (webtiles) character file.

Game seed: 14458702730115648882

26 Dirtsage the Insei (level 3, -5/34 HPs)
             Began as an Octopode Shapeshifter on Oct 27, 2023.
             Slain by an ogre
             ... wielding a +0 giant club
              (17 damage)
             ... on level 2 of the Dungeon.
             The game lasted 00:01:44 (759 turns).

Dirtsage the Insei (Octopode Shapeshifter)           Turns: 759, Time: 00:01:46

Health: -5/34      AC: 21    Str: 13    XL:     3   Next: 8%
Magic:  3/3        EV:  2    Int: 12    God:
Gold:   80         SH:  0    Dex: 13    Spells: 2/2 levels left

rFire   . .          .
                       - Unarmed
rCold   . . .        (no shield)
rNeg    . . .        (helmet currently unavailable)
rPois   +            (no amulet)
rElec   .            (no ring)
rCorr   .            (no ring)
SInv    .            (no ring)
Will    .....        (no ring)
Stlth   +            (no ring)
HPRegen 0.25/turn    (no ring)
MPRegen 0.08/turn    (no ring)
                     (no ring)

%: no passive effects
@: tree-form
A: stationary, stasis, torment immunity, boosted hp, almost no armour,
(amphibious), 8 rings, (camouflage 1), (gelatinous body 1), (nimble swimmer 1),
(tentacles)
a: no special abilities


You were on level 2 of the Dungeon.
You were a tree.
You visited 1 branch of the dungeon, and saw 2 of its levels.

You collected 80 gold pieces.

Inventory:

Talismans
 b - a beast talisman
 c - a flux talisman
Scrolls
 d - a scroll of noise {unknown}
 f - a scroll of enchant armour {unknown}
 g - a scroll of identify {unknown}
Potions
 e - a potion of mutation {unknown}


   Skills:
 + Level 1.4 Fighting
 - Level 2.0 Dodging
 * Level 3.5 Unarmed Combat
 * Level 3.4 Shapeshifting


You had 2 spell levels left.
You didn't know any spells.
Your spell library contained the following spells:

 Spells                   Type           Power      Damage    Failure   Level
 Summon Small Mammal      Summ           0%         N/A       32%         1
 Call Canine Familiar     Summ           0%         N/A       69%         3
 Summon Guardian Golem    Hex/Summ       0%         N/A       69%         3


Dungeon Overview and Level Annotations

Branches:
Dungeon (2/15)

Altars:

Shops:
D:2 !


Innate Abilities, Weirdness & Mutations

You are a tree.
Your roots penetrate the ground, keeping you stationary.
You cannot be teleported.
You are immune to unholy pain and torment.
Your maximum health is greatly increased.
You cannot wear most types of armour.
((You are amphibious.))
You can wear up to eight rings at the same time.
((Your skin changes colour to match your surroundings (Stealth+).))
((Your rubbery body absorbs attacks. (AC +1, EV +1)))
((You are camouflaged when in or above water. (Stealth+)))
((You have tentacles for arms and can constrict up to eight enemies at once.))


Message History

A dart slug comes into view.
The dart slug closely misses you.
You bludgeon the dart slug! You grab the dart slug.
The dart slug is almost dead.
You constrict the dart slug, but do no damage.
You tentacle-slap the dart slug.
You kill the dart slug!
You have reached level 3!
Your experience leads to an increase in your attributes!
Increase (s)trength, (i)ntelligence, or (d)exterity?
You feel agile. x2
Health restored: 23; MP restored: 3 You have nothing you can fire or use right now.
Unknown command.
You tentacle-slap the rat.
You kill the rat!
The ogre shouts!
You have nothing you can fire or use right now.
Unknown command.
Your transformation has ended.
You turn into a tree.
Your roots penetrate the ground.
You now have 34/34 hp.
You swing at nothing.
You swing at nothing.
You swing at nothing.
You hit the ogre. You punch the ogre.
The ogre is moderately wounded.
The ogre hits you with a +0 giant club!
You take 13 damage, and have 21/34 hp.
MASSIVE DAMAGE!!
You hit the ogre.
The ogre is heavily wounded.
You barely miss the ogre.
The ogre is heavily wounded.
The ogre hits you with a +0 giant club!
You take 9 damage, and have 12/34 hp.
MASSIVE DAMAGE!!
You hit the ogre.
The ogre is severely wounded.
The ogre hits you with a +0 giant club!
Ouch! That really hurt!
You die...

######## #...)..#
#......# #..$...#
####### #......#
#.....# #...∩..#
#.....######
#.....O###
#...........
##.....♣.##
#.....#####.
#.....#..####.####
## ########..?...#
####. #...####
##>... #.#...#
###..### ###.###>#
#<..## #...#
..##.###
#######.######....#
#..................


You could see an ogre.

Vanquished Creatures
  A dart slug (D:2)
  An endoplasm (D:1)
  3 giant cockroaches (D:1)
  A goblin (D:1)
  2 hobgoblins (D:1)
  A kobold (D:1)
  A quokka (D:1)
  2 ball pythons (D:1)
  A bat (D:1)
  5 frilled lizards
  7 rats
25 creatures vanquished.

Notes
Turn   | Place    | Note
-------+----------+-------------------------------------------
     0 | D:1      | Dirtsage the Octopode Shapeshifter began the quest for the
                  | Orb.
     0 | D:1      | Reached XP level 1. HP: 13/13 MP: 1/1
   249 | D:1      | Reached XP level 2. HP: 17/18 MP: 2/2
   707 | D:2      | Found Muof's Distillery.
   724 | D:2      | Noticed an ogre
   740 | D:2      | Reached XP level 3. HP: 23/23 MP: 3/3
   759 | D:2      | Slain by an ogre

Illustrated notes

Levels and vault maps discovered:
D:1:      dpeg_arrival_windows_large_door, layout_basic
D:2:      layout_rooms, basic_ecumenical_altar, serial_shops, shop,
          minmay_misc_feat_doors, kennysheep_potato

Action                     || total
---------------------------++-------
  Melee: Unarmed           ||    45
         Constrict         ||     6
         Tentacles         ||     3
         Punch             ||     3
    Use: Potion            ||     1
   Stab: Sleeping          ||     7
 Armour: Skin              ||    12
  Dodge: Dodged            ||    19

Table legend: (Time is in decaauts)
 A = Elapsed time spent in this place.
 B = Non-inter-level travel time spent in this place.
 C = Inter-level travel time spent in this place.
 D = Time resting spent in this place.
 E = Time spent auto-exploring this place.
 F = Levels seen in this place.
 G = Mean time per level.
                   A        B        C        D        E       F      G
               +--------+--------+--------+--------+--------+-----+--------+
         Total |    756 |    733 |     23 |      0 |    576 |   2 |  378.0 |
       Dungeon |    756 |    733 |     23 |      0 |    576 |   2 |  378.0 |
               +--------+--------+--------+--------+--------+-----+--------+

Top non-repeatable levels by time:
     D:1: 676 daAuts
     D:2: 80 daAuts
